 Dungeon Crawl Stone Soup version 0.30-a0-824-g6c64550be9 (webtiles) character file.

Game seed: 5945063811360496631

23 Pimp the Sneak (level 2, -1/19 HPs)
             Began as an Octopode Brigand on Feb 27, 2023.
             Slain by a gnoll
             ... wielding a +0 halberd
              (5 damage)
             ... on level 2 of the Dungeon.
             The game lasted 00:01:34 (509 turns).

Pimp the Sneak (Octopode Brigand)                    Turns: 509, Time: 00:01:34

Health: -1/19      AC:  1    Str: 10    XL:     2   Next: 95%
Magic:  2/2        EV: 13    Int: 13    God:
Gold:   31         SH:  0    Dex: 13    Spells: 1/1 levels left

rFire   . . .      SeeInvis .    i - +0 war axe
rCold   . . .      Faith    .    d - orb {*channel}
rNeg    . . .      Spirit   .    (helmet restricted)
rPois   .          Reflect  .    (no amulet)
rElec   .          Harm     .    (no ring)
rCorr   .          Rampage  .    (no ring)
Will    .....                    (no ring)
Stlth   ++++                     (no ring)
HPRegen 0.23/turn                (no ring)
MPRegen 0.08/turn                (no ring)
                                 (no ring)
                                 (no ring)

@: no status effects
A: almost no armour, amphibious, 8 rings, camouflage 1, gelatinous body 1,
(nimble swimmer 1), tentacles
a: no special abilities


You were on level 2 of the Dungeon.
You visited 1 branch of the dungeon, and saw 2 of its levels.

You collected 31 gold pieces.

Inventory:

Hand Weapons
 a - a +2 dagger
 i - a +0 war axe (weapon)
Missiles
 b - 9 poisoned darts (quivered)
 c - 3 curare-tipped darts
Armour
 d - an orb of energy (worn)
Scrolls
 f - a scroll of blinking {unknown}
 g - 2 scrolls of teleportation {unknown}
Potions
 e - 2 potions of mutation {unknown}
 h - a potion of degeneration {unknown}


   Skills:
 + Level 2.3 Fighting
 + Level 2.3 Short Blades
 + Level 2.3 Throwing
 + Level 1.4 Dodging
 + Level 5.6 Stealth


You had one spell level left.
You didn't know any spells.
Your spell library was empty.

Dungeon Overview and Level Annotations

Branches:
Dungeon (2/15)

Altars:


Innate Abilities, Weirdness & Mutations

You cannot wear most types of armour.
You are amphibious.
You can wear up to eight rings at the same time.
Your skin changes colour to match your surroundings (Stealth+).
Your rubbery body absorbs attacks. (AC +1, EV +1)
((You are camouflaged when in or above water. (Stealth+)))
You have tentacles for arms and can constrict up to eight enemies at once.


Message History

Found a stone staircase leading up.
The gnoll shouts!
The gnoll moves out of view.
A gnoll comes into view. It is wielding a +0 flail.
The bat hits you.
The gnoll shouts!
You hit the bat. Your grab misses the bat. You squeeze the bat.
You kill the bat!
You miss the adder.
You hear a shout!
The adder misses you.
A goblin comes into view. It is wielding a +0 club.
The adder bites you but does no damage. The bat misses you.
The gnoll completely misses you. The bat attacks as you move away!
The bat hits you but does no damage. The bat misses you.
You closely miss the adder. You grab the adder. You miss the bat.
You constrict the adder. The bat hits you. The adder closely misses you.
The adder barely misses you.
You release your grip on the adder.
The bat barely misses you.
You closely miss the adder. You grab the adder. You squeeze the adder.
The adder is moderately wounded.
You hit the bat but do no damage. You constrict the adder.
The bat closely misses you. The adder barely misses you. The bat hits you.
The adder barely misses you. The bat closely misses you.
You barely miss the adder. You squeeze the adder.
The adder is almost dead.
You completely miss the bat. You constrict the adder. The bat hits you.
The bat closely misses you. The adder bites you. The gnoll closely misses you.
The adder closely misses you.
You barely miss the adder.
The adder is almost dead.
You barely miss the gnoll. You constrict the adder.
You kill the adder!
The bat closely misses you.
The gnoll hits you from afar with a +0 halberd!
* * * LOW HITPOINT WARNING * * *
The gnoll barely misses you.
The gnoll hits you from afar with a +0 halberd.
You die...

#. #.###+## #.
#....?.#
###.###......#
....##....?.#
####...#......#
.......|g..?..#
####....#.....#.
#...#b#gg.......#
###.#.#.@.g##.#<..#
#......?#..# ......
#.#..<..#.....w.. #
##########..##.#
.....# ..#.# ....
#..


You could see 3 gnolls, a goblin and a bat.

Vanquished Creatures
  An adder (D:2)
  A giant cockroach (D:1)
  2 goblins (D:1)
  2 hobgoblins (D:1)
  3 quokkas (D:1)
  3 ball pythons
  2 bats
  A frilled lizard (D:1)
  7 kobolds (D:1)
  A rat (D:1)
23 creatures vanquished.

Notes
Turn   | Place    | Note
-------+----------+-------------------------------------------
     0 | D:1      | Pimp the Octopode Brigand began the quest for the Orb.
     0 | D:1      | Reached XP level 1. HP: 14/14 MP: 1/1
   124 | D:1      | Reached XP level 2. HP: 19/19 MP: 2/2
   509 | D:2      | Slain by a gnoll

Illustrated notes

Levels and vault maps discovered:
D:1:      wander_arrival_lonely_grave, layout_rooms
D:2:      layout_basic

Action                     || total
---------------------------++-------
  Melee: Dagger            ||    24
         Constrict         ||     9
         Tentacles         ||     8
         War axe           ||     6
  Throw: Dart              ||     3
    Use: Scroll            ||     2
   Stab: Sleeping          ||     7
 Armour: Skin              ||     4
  Dodge: Dodged            ||    26

Table legend: (Time is in decaauts)
 A = Elapsed time spent in this place.
 B = Non-inter-level travel time spent in this place.
 C = Inter-level travel time spent in this place.
 D = Time resting spent in this place.
 E = Time spent auto-exploring this place.
 F = Levels seen in this place.
 G = Mean time per level.
                   A        B        C        D        E       F      G
               +--------+--------+--------+--------+--------+-----+--------+
         Total |    507 |    496 |     11 |      0 |    328 |   2 |  253.5 |
       Dungeon |    507 |    496 |     11 |      0 |    328 |   2 |  253.5 |
               +--------+--------+--------+--------+--------+-----+--------+

Top non-repeatable levels by time:
     D:1: 488 daAuts
     D:2: 19 daAuts
